 Dungeon Crawl Stone Soup version 0.32-a0-675-gdc239d62e1 (webtiles) character file.

Game seed: 6160877134111418749

3648 growler the Grappler (level 9, -4/121 HPs)
             Began as a Purple Draconian Shapeshifter on Mar 11, 2024.
             Was a Believer of Wu Jian.
             Slain by an orc warlord
             ... wielding a +7 broad axe
              (21 damage)
             ... in a bailey.
             The game lasted 00:15:57 (5623 turns).

growler the Grappler (DrSh)                         Turns: 5623, Time: 00:15:57

Health: -4/121     AC: 24    Str: 17    XL:     9   Next: 88%
Magic:  9/9        EV:  2    Int: 10    God:    Wu Jian [**....]
Gold:   282        SH:  0    Dex: 15    Spells: 8/8 levels left

rFire   . .          .
                       - Unarmed
rCold   . . .        (no shield)
rNeg    . . .        (body armour unavailable)
rPois   +            (helmet currently unavailable)
rElec   .            e - melded +0 cloak
rCorr   .            k - melded +0 pair of gloves
SInv    .            u - melded +0 pair of boots
Will    +....        D - amulet of regeneration
Stlth   +            z - +5 ring of evasion
HPRegen 1.20/turn    (no ring)
MPRegen 0.11/turn

%: no passive effects
@: tree-form
A: stationary, stasis, torment immunity, boosted hp, (nullifying breath), AC +7,
unfitting armour, (cold-blooded)
a: Renounce Religion, Wall Jump


You were in a bailey.
You worshipped Wu Jian.
Wu Jian was pleased with you.
You were a tree.
You visited 2 branches of the dungeon, and saw 8 of its levels.
You also visited: Bailey.

You collected 324 gold pieces.
You spent 42 gold pieces at shops.

Inventory:

Missiles
 E - 4 throwing nets (quivered)
Armour
 e - a +0 cloak (melded)
 k - a +0 pair of gloves (melded)
 u - a +0 pair of boots (melded)
Jewellery
 x - a ring of protection from fire
 z - a +5 ring of evasion (left branch)
 D - an amulet of regeneration (around neck)
Talismans
 b - a beast talisman
 c - a flux talisman (active)
 j - a maw talisman
 s - a blade talisman
 v - a dragon-blood talisman
Wands
 d - a wand of flame (27)
Scrolls
 f - 2 scrolls of silence {unknown}
 g - 3 scrolls of teleportation
 h - 2 scrolls of blinking
 m - a scroll of fog {unknown}
 r - a scroll of enchant armour {unknown}
 t - a scroll of poison
 w - a scroll of acquirement {unknown}
 y - a scroll of vulnerability {unknown}
 C - 5 scrolls of identify
 G - 2 scrolls of fear {unknown}
 H - a scroll of revelation {unknown}
Potions
 a - a potion of lignification
 i - 6 potions of curing
 l - a potion of might
 n - 3 potions of heal wounds {unknown}
 o - a potion of cancellation
 p - 2 potions of attraction
 q - 3 potions of brilliance
 A - 2 potions of resistance {unknown}
 B - a potion of haste {unknown}
 F - 2 potions of invisibility {unknown}
 I - 2 potions of mutation {unknown}


   Skills:
 + Level 7.8 Fighting
 - Level 1.7 Dodging
 + Level 10.7 Unarmed Combat
 - Level 7.0 Shapeshifting


You had 8 spell levels left.
You didn't know any spells.
Your spell library contained the following spells:

 Spells                   Type           Power      Damage    Failure   Level
 Apportation              Tloc           0%         N/A       36%         1
 Necrotise                Necr           0%         1d4       36%         1
 Sting                    Conj/Alch      0%         1d3       36%         1
 Summon Small Mammal      Summ           0%         N/A       36%         1
 Blink                    Tloc           0%         N/A       50%         2
 Jinxbite                 Hex            0%         N/A       50%         2
 Lesser Beckoning         Tloc           0%         N/A       50%         2
 Momentum Strike          Conj/Tloc      0%         3d8       50%         2
 Call Canine Familiar     Summ           0%         N/A       75%         3
 Dazzling Flash           Conj/Hex       0%         N/A       75%         3
 Vampiric Draining        Necr           0%         2d6       75%         3
 Volatile Blastmotes      Fire/Tloc      0%         2d10      75%         3
 Martyr's Knell           Necr/Summ      0%         N/A       98%         4
 Summon Blazeheart Golem  Fire/Summ      0%         N/A       98%         4
 Alistair's Intoxication  Alch           0%         N/A       100%        5
 Curse of Agony           Necr           0%         N/A       100%        5
 Starburst                Conj/Fire      0%         6d3       100%        6
 Maxwell's Capacitive Co  Air            0%         ∞         100%        8


Dungeon Overview and Level Annotations

Branches:
Dungeon (7/15)             Temple (1/1) D:5          Bailey (1/1)

Altars:
Ashenzari
Cheibriados
Dithmenos
Elyvilon
Fedhas
Gozag
Hepliaklqana
Makhleb
Nemelex Xobeh
Okawaru
Qazlal
Ru
Sif Muna
Trog
Uskayaw
Vehumet
Wu Jian
Yredelemnul
Zin
The Shining One

Shops:
D:3 *=(   D:4 (   D:6 ?


Innate Abilities, Weirdness & Mutations

You are a tree.
Your roots penetrate the ground, keeping you stationary.
You cannot be teleported.
You are immune to unholy pain and torment.
Your maximum health is greatly increased.
Your equipment is partially melded.
((You can breathe blasts of antimagic.))
((Your rich purple scales are hard. (AC +7)))
You cannot fit into any form of body armour.
((You are cold-blooded and may be slowed by cold attacks.))


Message History

The orc warlord is moderately wounded.
The orc warlord hits you with a +7 broad axe!
You closely miss the orc warlord.
The orc warlord is moderately wounded.
The gnoll barely misses you.
You pummel the orc warlord!!
The orc warlord is heavily wounded.
The orc warlord hits you with a +7 broad axe.
The gnoll hits you but does no damage.
You pummel the orc warlord!!
The orc warlord is severely wounded.
The orc warlord hits you with a +7 broad axe!
* * * LOW HITPOINT WARNING * * *
The gnoll hits you but does no damage.
You closely miss the orc warlord.
The orc warlord is severely wounded.
The orc warlord hits you but does no damage.
The gnoll hits you with a +0 hand axe!
* * * LOW HITPOINT WARNING * * *
You barely miss the orc warlord.
The orc warlord is severely wounded.
The orc warlord hits you with a +7 broad axe.
* * * LOW HITPOINT WARNING * * *
You smack the orc warlord!
The orc warlord is severely wounded.
The gnoll hits you but does no damage.
You smack the orc warlord!
The orc warlord is almost dead.
The orc warlord hits you with a +7 broad axe.
* * * LOW HITPOINT WARNING * * *
The gnoll hits you but does no damage.
You smack the orc warlord!
The orc warlord is almost dead.
The orc warlord hits you with a +7 broad axe.
* * * LOW HITPOINT WARNING * * *
The gnoll hits you but does no damage.
You completely miss the orc warlord.
The orc warlord is almost dead.
The orc warlord hits you with a +7 broad axe!!
You die...

##### ##### ##...## ##...##
##.....## ##.....##
##.......#######.......##
##..ß..ß...........ß..ß..##
#.........)...............#
#.......).)...g♣..........#
#...ß..))..#''o#......ß...#
##....))####~~~####......##
♣##.....#~~~~~~~~~#.....##♣
♣.##....#~.ß...ß.~#....##.♣
♣♣..###'###.......###'###..♣♣
♣...~~~.#~~.ß...ß.~ #.~~~...♣
♣...~~~(#~......... #.~~~...♣
∩...~~()# #.~~~...∩


You could see an orc warlord and a gnoll.

Vanquished Creatures
  Grinder (D:4)
  Sigmund (D:4)
  Menkaure (D:4)
  2 water moccasins
  2 black bears
  3 orc warriors
  A sky beast (D:7)
  2 ice beasts
  3 ogres
  A centaur (D:7)
  A phantom (D:5)
  12 scorpions
  2 bombardier beetles
  6 hounds
  3 jellies
  An orc priest (D:5)
  A sleepcap (D:7)
  9 iguanas
  2 gnoll boudas (D:6)
  4 orc wizards
  Robin (D:2)
  11 adders
  8 gnolls
  2 shadow imps (D:6)
  A dart slug (D:4)
  A ribbon worm (D:4)
  20 orcs
  5 ball pythons
  9 endoplasms
  2 giant cockroaches (D:1)
  23 goblins
  9 hobgoblins
  8 jackals
  A quokka (D:2)
  10 bats
  A frilled lizard (D:1)
  13 kobolds
  6 rats
189 creatures vanquished.

Notes
Turn   | Place    | Note
-------+----------+-------------------------------------------
     0 | D:1      | growler the Draconian Shapeshifter began the quest for the
                  | Orb.
     0 | D:1      | Reached XP level 1. HP: 16/16 MP: 1/1
     0 | D:1      | Noticed a vine stalker
     0 | D:1      | Noticed a naga
     1 | D:1      | Noticed a merfolk
     1 | D:1      | Noticed a tengu
     3 | D:1      | Noticed a gargoyle
     3 | D:1      | Noticed a vine stalker
     6 | D:1      | Noticed a formicid
    10 | D:1      | Noticed a demonspawn
    12 | D:1      | Noticed a troll
    14 | D:1      | Noticed a gargoyle
    14 | D:1      | Noticed a barachi
    14 | D:1      | Noticed a tengu
    16 | D:1      | Noticed an armataur
    16 | D:1      | Noticed a draconian
    16 | D:1      | Noticed a spriggan
    18 | D:1      | Noticed a formicid
    18 | D:1      | Noticed a vampire
   114 | D:1      | Reached XP level 2. HP: 23/23 MP: 2/2
   497 | D:1      | Reached XP level 3. HP: 28/28 MP: 3/3
   738 | D:2      | Noticed Robin
   761 | D:2      | Killed Robin
   874 | D:2      | Reached skill level 4 in Unarmed Combat
  1159 | D:3      | Found Satust's Jewellery Boutique.
  1206 | D:3      | Reached XP level 4. HP: 22/35 MP: 4/4
  1315 | D:3      | Found Ittewaed's General Store.
  1410 | D:3      | Found a shadowy altar of Dithmenos.
  1579 | D:3      | Found Xibohik's Weapon Emporium.
  1621 | D:3      | Found a hazy altar of Hepliaklqana.
  1621 | D:3      | Found a faded altar of an unknown god.
  1629 | D:3      | Found a blossoming altar of Fedhas.
  1631 | D:3      | Found a white marble altar of Elyvilon.
  1633 | D:3      | Found a burning altar of Makhleb.
  1797 | D:4      | Reached XP level 5. HP: 40/40 MP: 5/5
  1810 | D:4      | Found Feshreddotz's Weapon Emporium.
  1811 | D:4      | Noticed Grinder
  1825 | D:4      | Paralysed by Grinder for 4 turns
  2043 | D:4      | Killed Grinder
  2044 | D:4      | Reached skill level 5 in Unarmed Combat
  2044 | D:4      | Reached skill level 5 in Shapeshifting
  2044 | D:4      | Reached XP level 6. HP: 24/47 MP: 6/6
  2192 | D:4      | Reached skill level 6 in Unarmed Combat
  2192 | D:4      | Your scales start taking on a rich purple colour.
  2192 | D:4      | Reached XP level 7. HP: 42/52 MP: 7/7
  2564 | D:4      | Found the +11 Singing Sword {sonic wave}
  2608 | D:4      | Reached skill level 7 in Unarmed Combat
  2613 | D:4      | Reached XP level 8. HP: 52/59 MP: 8/8
  2715 | D:4      | Noticed Menkaure
  2726 | D:4      | Killed Menkaure
  2829 | D:4      | Noticed Sigmund
  2835 | D:4      | Killed Sigmund
  2836 | D:4      | Reached skill level 8 in Unarmed Combat
  3017 | D:5      | Entered Level 5 of the Dungeon
  3186 | D:5      | Found a staircase to the Ecumenical Temple.
  3203 | Temple   | Entered the Ecumenical Temple
  3231 | Temple   | Became a worshipper of the Wu Jian Council
  3639 | D:5      | Reached skill level 9 in Unarmed Combat
  3779 | D:5      | Reached XP level 9. HP: 72/72 MP: 9/9
  3833 | D:5      | Reached skill level 5 in Fighting
  4251 | D:6      | Reached * piety under Wu Jian
  4476 | D:6      | Found a glowing golden altar of the Shining One.
  4616 | D:6      | Found Uzas's Magic Scroll Shop.
  4619 | D:6      | Bought a scroll of teleportation for 42 gold pieces
  4912 | D:6      | Reached skill level 10 in Unarmed Combat
  5075 | D:7      | Found a basalt altar of Yredelemnul.
  5210 | D:7      | Found a sacrificial altar of Ru.
  5403 | D:7      | Found a flagged portal.
  5415 | Bailey   | Entered a bailey
  5435 | Bailey   | Noticed an orc warlord
  5468 | Bailey   | Reached ** piety under Wu Jian
  5503 | Bailey   | Found a runed translucent gate.
  5503 | Bailey   | Found a runed translucent gate.
  5503 | Bailey   | Found a runed translucent gate.
  5623 | Bailey   | Slain by an orc warlord

Illustrated notes

Levels and vault maps discovered:
D:1:      shiori_arrival_whats_in_store_for_you, layout_basic,
          chequers_serial_rivers_room_a, chequers_serial_rivers_small_3,
          minmay_fountain_box
D:2:      layout_rooms, uniq_robin
D:3:      layout_basic, grunt_dithmenos_smoke,
          chequers_temple_overflow_minitemple, serial_shops,
          nicolae_shop_back_alley_shop, nicolae_shop_real_fake_doors, shop,
          kennysheep_generic_room_4
D:4:      old_forge, layout_gridville, serial_shops,
          nicolae_shop_advertising_works [nicolae_subvault_shop_adworks],
          minmay_fractal_squares_5, uniq_sigmund, uniq_menkaure, uniq_grinder
D:5:      minmay_chambers_of_threes, layout_rooms,
          minmay_temple_entry_mini_moons
D:6:      layout_basic, nicolae_tso_carved_into_rock, serial_shops,
          nicolae_shop_tiny_real_fake_doors
D:7:      layout_rooms, enter_bailey_3, serial_shops, shop, solitary_fountain,
          hangedman_feature_mirror
Temple:   jpeg_temple_clearing
Bailey:   bailey_axe_bossmonster_kennysheep, bailey

Skill      XL: |  1  2  3  4  5  6  7  8  9 |
---------------+----------------------------+-----
Unarmed Combat | 4 5 6 7 9 10 | 10.7
Shapeshifting  | 4 5 6 7 |  7.0
Fighting       | 4 7 |  7.8
Dodging        | |  1.7

Action                     |  1- 3 |  4- 6 |  7- 9 || total
---------------------------+-------+-------+-------++-------
  Melee: Unarmed           |    82 |    62 |   448 ||   592
         Tailslap          |    10 |    14 |    91 ||   115
         Punch             |     2 |     2 |     7 ||    11
Ability: Lunge             |       |       |    26 ||    26
         Nullifying Breath |       |       |     1 ||     1
         Whirlwind         |       |       |    36 ||    36
    Use: Scroll            |       |       |     8 ||     8
         Potion            |       |       |     1 ||     1
   Stab: Held in net/web   |       |       |     2 ||     2
 Armour: Skin              |    48 |    36 |   161 ||   245
  Dodge: Dodged            |    46 |    18 |   269 ||   333
   Form: Flux              |       |       |     1 ||     1

Table legend: (Time is in decaauts)
 A = Elapsed time spent in this place.
 B = Non-inter-level travel time spent in this place.
 C = Inter-level travel time spent in this place.
 D = Time resting spent in this place.
 E = Time spent auto-exploring this place.
 F = Levels seen in this place.
 G = Mean time per level.
                   A        B        C        D        E       F      G
               +--------+--------+--------+--------+--------+-----+--------+
         Total |   5561 |   5361 |    200 |    343 |   3662 |   9 |  617.9 |
       Dungeon |   5305 |   5159 |    146 |    343 |   3662 |   7 |  757.9 |
        Temple |     56 |      2 |     54 |      0 |      0 |   1 |   56.0 |
        Bailey |    199 |    199 |      0 |      0 |      0 |   1 |  199.0 |
               +--------+--------+--------+--------+--------+-----+--------+

Top non-repeatable levels by time:
     D:4: 1003 daAuts
     D:5: 995 daAuts
     D:6: 925 daAuts
     D:3: 896 daAuts
     D:1: 701 daAuts
     D:2: 421 daAuts
     D:7: 361 daAuts
  Bailey: 199 daAuts
  Temple: 56 daAuts
